 Dungeon Crawl Stone Soup version 0.25-a0-10-g2fe12d4386 (webtiles) character file.

Game seed: 7588808187308302317, levelgen mode: deterministic

45 Mattoad the Cudgeler (level 3, -7/34 HPs)
             Began as a Minotaur Berserker on Oct 15, 2019.
             Was a Believer of Trog.
             Shot with an arrow by a centaur (10 damage)
             ... on level 5 of the Dungeon.
             The game lasted 00:04:25 (1472 turns).

Mattoad the Cudgeler (Minotaur Berserker)           Turns: 1472, Time: 00:04:25

Health: -7/34      AC:  2    Str: 21    XL:     3   Next: 42%
Magic:  2/2        EV: 12    Int:  4    God:    Trog [**....]
Gold:   46         SH:  0    Dex: 10    Spells: 2/2 levels left

rFire    . . .     SeeInvis .   a - +0 mace
rCold    . . .     Gourm    .   (no shield)
rNeg     . . .     Faith    .   b - +0 animal skin
rPois    .         Spirit   .   (helmet restricted)
rElec    .         Reflect  .   (no cloak)
rCorr    .         Harm     .   (no gloves)
MR       ++...                  (no boots)
Stlth    +.........             (no amulet)
HPRegen  1.11/turn              (no ring)
MPRegen  0.08/turn              (no ring)

@: regenerating
A: retaliatory headbutt, horns 2
a: Berserk, Trog's Hand, Renounce Religion


You were on level 5 of the Dungeon.
You worshipped Trog.
Trog was pleased with you.
You were near starving.

You visited 1 branch of the dungeon, and saw 6 of its levels.

You collected 46 gold pieces.

Inventory:

Hand Weapons
 a - a +0 mace (weapon)
Armour
 b - a +0 animal skin (worn)
Jewellery
 g - a +3 ring of intelligence {unknown}
Scrolls
 d - 2 scrolls of teleportation {unknown}
 e - 3 scrolls of remove curse {unknown}
 f - a scroll of identify {unknown}
 j - a scroll of enchant weapon {unknown}
Potions
 h - a potion of flight {unknown}
 i - a potion of heal wounds {unknown}
Comestibles
 c - 4 rations


   Skills:
 - Level 4.3 Fighting
 + Level 4.6 Maces & Flails
 - Level 2.5 Armour
 - Level 2.5 Dodging


You had 2 spell levels left.
You didn't know any spells.
Your spell library was empty.

Dungeon Overview and Level Annotations

Branches:
Dungeon (6/15)
 Temple: D:4-7

Altars:


Innate Abilities, Weirdness & Mutations

You reflexively headbutt those who attack you in melee.
You have a pair of horns on your head.


Message History

* * * LOW HITPOINT WARNING * * *
You climb upwards.
The jackal skeleton bites you but does no damage.
The orc closely misses you. The orc barely misses you.
The orc priest looks satisfied for a moment.
The jackal skeleton bites you but does no damage.
There is a stone staircase leading down here.
The orc hits you.
* * * LOW HITPOINT WARNING * * *
The orc hits you with a +0 club.
* * * LOW HITPOINT WARNING * * *
The jackal skeleton barely misses you. You furiously retaliate!
You headbutt the jackal skeleton!
You destroy the jackal skeleton!
Trog accepts your kill. The adder barely misses you.
The orc hits you but does no damage. The leopard gecko barely misses you.
The centaur wields a +0 shortbow.
The centaur shoots an arrow.
The arrow hits you!
You die...

.....#.....##
.......o.(..#
##..#.......#
.....[......#
........<..##
......oS....#
..!..c.ooo..#
.......l....#
.......@...##
..........##
.........##
........##
.......##
#.##.## #. #.
#.


You could see a centaur, 2 orc priests, an adder, 3 orcs and a leopard gecko.

Vanquished Creatures
  An ooze (D:1)
  2 worms (D:2)
  2 dart slugs (D:1)
  A ball python (D:1)
  3 giant cockroaches
  4 goblins (D:1)
  2 hobgoblins (D:1)
  A jackal (D:1)
  A quokka (D:3)
  6 bats
  3 frilled lizards
  A jackal skeleton (D:5)
  3 kobolds
  3 rats (D:1)
33 creatures vanquished.

Vanquished Creatures (others)
  A bat (D:2)
1 creature vanquished.

Grand Total: 34 creatures vanquished

Notes
Turn   | Place    | Note
-------+----------+-------------------------------------------
     0 | D:1      | Mattoad the Minotaur Berserker began the quest for the Orb.
     0 | D:1      | Reached XP level 1. HP: 19/19 MP: 0/0
    96 | D:1      | Reached XP level 2. HP: 8/27 MP: 1/1
  1160 | D:1      | Reached ** piety under Trog
  1178 | D:1      | Reached XP level 3. HP: 33/33 MP: 2/2
  1463 | D:5      | Entered Level 5 of the Dungeon
  1464 | D:5      | Noticed a centaur
  1470 | D:5      | HP: 1/34 [orc/+0 club (4)]
  1472 | D:5      | Shot with an arrow by a centaur

Levels and vault maps discovered:
D:1:      lightli_arrival_maybe_door_vault, layout_loops_ring, st_stairs_7
D:2:      layout_loops_ring, chequers_temple_overflow_minitemple, first_ration
D:3:      layout_loops_ring, zin_purify
D:4:      layout_rooms, minmay_temple_entry_stoned_glass, serial_shops, shop,
          cheibrodos_sewer_entry_sluice
D:5:      layout_rooms, serial_shops, nicolae_shop_trees,
          uniq_crazy_yiuf_cottage
D:6:      layout_loops_ring, uniq_pikel

Skill      XL: |  1  2 |
---------------+-------+-----
Fighting       | 4 |  4.3
Maces & Flails | 4 |  4.6
Armour         | |  2.5
Dodging        | |  2.5

Action                   || total
-------------------------++-------
Melee: Mace              ||    64
       Headbutt          ||     7
Invok: Berserk           ||     2
       Trog's Hand       ||     1
  Eat: Chunk             ||     2
Armor: Animal skin       ||    26
Dodge: Dodged            ||    53

Table legend:
 A = Non-vault XP
 B = Vault XP
 C = Vault XP percentage of total XP
 D = Non-vault monster count
 E = Vault monster count
 F = Vault count percentage of total count
                 A         B        C        D         E       F
            +---------+---------+-------+---------+---------+-------
      Total |      61 |       4 |   6.2 |      30 |       3 |   9.1
            +---------+---------+-------+---------+---------+-------
        D:1 |      42 |       4 |   8.7 |      21 |       3 |  12.5
        D:2 |      12 |       0 |   0.0 |       5 |       0 |   0.0
        D:3 |       4 |       0 |   0.0 |       2 |       0 |   0.0
        D:4 |       2 |       0 |   0.0 |       1 |       0 |   0.0
        D:5 |       1 |       0 |   0.0 |       1 |       0 |   0.0
            +---------+---------+-------+---------+---------+-------
